 Dungeon Crawl Stone Soup version 0.31-a0-1074-g0b22e4e0f1 (webtiles) character file.

Game seed: 13970756732672716983

1670 sammy202020 the Trooper (level 8, 0/72 (73) HPs)
             Began as a Minotaur Fighter on Nov 29, 2023.
             Was an Initiate of Gozag.
             Slain by Maggie
             ... wielding a +1 war axe of distortion
              (6 damage)
             ... on level 6 of the Dungeon.
             The game lasted 00:06:18 (4460 turns).

sammy202020 the Trooper (Minotaur Fighter)          Turns: 4460, Time: 00:06:18

HP:   0/72 (73)     AC: 15    Str: 20    XL:     8   Next: 69%
MP:   7/7           EV: 10    Int:  7    God:    Gozag
Gold: 354           SH:  6    Dex: 11    Spells: 7/7 levels left

rFire   . . .        a - +1 war axe
rCold   . . .        c - +1 buckler
rNeg    . . .        b - +0 scale mail
rPois   .            (helmet restricted)
rElec   .            t - +1 cloak
rCorr   .            (no gloves)
SInv    .            g - +0 pair of boots {rampage}
Will    .....        (no amulet) Stlth
                     k - +4 ring of protection
HPRegen 0.32/turn    m - ring of flight
MPRegen 0.10/turn

%: rampage
@: flying, mesmerised, lightly drained
A: horns 2, retaliatory headbutt
a: Renounce Religion, Potion Petition, Call Merchant, Bribe Branch


You were on level 6 of the Dungeon.
You worshipped Gozag.
Gozag was aware of your devotion.
You visited 2 branches of the dungeon, and saw 7 of its levels.

You collected 539 gold pieces.
You spent 126 gold pieces at shops.
You paid 59 gold pieces to Gozag.

Inventory:

Hand Weapons
 a - a +1 war axe (weapon)
 y - a +2 mace
Missiles
 e - 4 boomerangs
 j - 6 poisoned darts
Armour
 b - a +0 scale mail (worn)
 c - a +1 buckler (worn)
 g - a +0 pair of boots of rampaging (worn)
 t - a +1 cloak (worn)
Jewellery
 k - a +4 ring of protection (left hand)
 m - a ring of flight (right hand)
 n - a ring of magical power
 v - an amulet of reflection
Wands
 s - a wand of roots (6)
Scrolls
 h - 3 scrolls of teleportation
 l - 3 scrolls of enchant weapon
 p - a scroll of immolation
 q - a scroll of fog
 u - a scroll of vulnerability
 w - a scroll of identify
 x - a scroll of poison
Potions
 d - a potion of might
 f - 3 potions of curing
 o - 4 potions of enlightenment
 r - a potion of brilliance


   Skills:
 * Level 7.3 Fighting
 * Level 6.6 Axes
 * Level 7.2 Armour
 + Level 3.9 Dodging
 * Level 7.1 Shields


You had 7 spell levels left.
You didn't know any spells.
Your spell library contained the following spells:

 Spells                   Type           Power      Damage    Failure   Level
 Foxfire                  Conj/Fire      0%         2x1d4     82%         1
 Summon Ice Beast         Ice/Summ       0%         N/A       100%        4
 Summon Mana Viper        Hex/Summ       0%         N/A       100%        5
 Plasma Beam              Fire/Air       0%         2x1d10    100%        6
 Starburst                Conj/Fire      0%         6d3       100%        6
 Monstrous Menagerie      Summ           0%         N/A       100%        7


Dungeon Overview and Level Annotations

Branches:
Dungeon (6/15)             Temple (1/1) D:4

Altars:
Fedhas
Gozag
Hepliaklqana
Kikubaaqudgha
Makhleb
Nemelex Xobeh
Ru
Sif Muna
Uskayaw
Vehumet
Xom
Yredelemnul
Zin
The Shining One

Shops:
D:5 (*

Annotations:
D:6 Maggie


Innate Abilities, Weirdness & Mutations

You have a pair of horns on your head.
You reflexively headbutt those who attack you in melee.


Message History

No target in view!
No target in view!
No target in view!
No target in view!
No target in view!
You now have 354 gold pieces (gained 4).
Maggie the Vainglorious comes into view.
She is wielding a +1 war axe of distortion and carrying a wand of roots.
Found 18 gold pieces.
Maggie casts a spell.
Maggie attempts to bespell you! You resist with some effort.
Maggie gestures wildly while chanting.
Maggie attempts to bespell you!
You are mesmerised by Maggie!
You rampage towards Maggie!
You closely miss Maggie. Your headbutt misses Maggie. Maggie misses you.
You slash Maggie!
Maggie is lightly wounded.
Maggie hits you with a +1 war axe of distortion.
Space warps around you.
You hit Maggie.
Maggie is moderately wounded.
Maggie hits you with a +1 war axe of distortion!
You blink.
You rampage towards Maggie!
You closely miss Maggie. You headbutt Maggie, but do no damage.
Maggie is moderately wounded.
Maggie gestures at you while chanting. The bolt of fire hits you!
Maggie hits you with a +1 war axe of distortion!
Space warps around you.
You slash Maggie!
Maggie is moderately wounded.
Maggie casts a spell at you. The bolt of fire hits you!!
* * * LOW HITPOINT WARNING * * *
You hit Maggie.
Maggie is heavily wounded.
Maggie hits you but does no damage. Space warps around you.
You die...
Your body crumbles into a pile of gold.

## #.# ##.# ..#
#.# #######.#
###.# #.@@...##
##.##.#
#.#####.##
##..>... #.#
##.###..# #.#
#.# #####.#...#
#.# #.#
#...)..#^.###.#
#.#
#.######.......
#.#
#.#######.###.#
#.. ..........#
#.# #.#########
#.#


You could see Maggie (mesmerising).

Vanquished Creatures
  Grinder (D:3)
  A water moccasin (D:5)
  An orc warrior (D:6)
  A black bear (D:5)
  An ogre (D:6)
  A centaur (D:4)
  A phantom (D:5)
  Blork the orc (D:4)
  3 wights (D:6)
  A gnoll bouda (D:6)
  5 hounds
  3 orc priests
  A jelly (D:4)
  A sleepcap (D:5)
  Jessica (D:3)
  Ijyb (D:4)
  2 orc wizards
  An iguana (D:5)
  8 gnolls (D:6)
  10 adders
  An ufetubus (D:6)
  2 dart slugs
  17 orcs
  6 endoplasms
  4 giant cockroaches
  6 goblins
  2 hobgoblins (D:1)
  10 jackals
  9 kobolds
  6 quokkas
  8 ball pythons
  2 bats (D:1)
  3 frilled lizards
  3 rats
124 creatures vanquished.

Notes
Turn   | Place    | Note
-------+----------+-------------------------------------------
     0 | D:1      | sammy202020 the Minotaur Fighter began the quest for the
                  | Orb.
     0 | D:1      | Reached XP level 1. HP: 19/19 MP: 0/0
   135 | D:1      | Reached XP level 2. HP: 27/27 MP: 1/1
   467 | D:1      | Reached XP level 3. HP: 33/33 MP: 2/2
   946 | D:2      | Reached skill level 1 in Dodging
  1108 | D:2      | Reached XP level 4. HP: 40/40 MP: 3/3
  1791 | D:3      | Noticed Grinder
  1791 | D:3      | Paralysed by Grinder for 5 turns
  1805 | D:3      | Killed Grinder
  1806 | D:3      | Reached skill level 5 in Fighting
  1806 | D:3      | Reached skill level 5 in Armour
  1806 | D:3      | Reached skill level 5 in Shields
  1806 | D:3      | Reached XP level 5. HP: 28/48 MP: 4/4
  1806 | D:3      | Reached XP level 6. HP: 33/56 MP: 5/5
  1883 | D:3      | Found a faded altar of an unknown god.
  1954 | D:3      | Noticed Jessica
  1957 | D:3      | Killed Jessica
  2239 | D:4      | Noticed Blork the orc
  2245 | D:4      | Killed Blork the orc
  2360 | D:4      | Reached XP level 7. HP: 57/61 MP: 6/6
  2459 | D:4      | Noticed Ijyb
  2477 | D:4      | Killed Ijyb
  2569 | D:4      | Found a staircase to the Ecumenical Temple.
  2608 | Temple   | Entered the Ecumenical Temple
  2624 | Temple   | Became a worshipper of Gozag Ym Sagoz the Greedy
  2644 | D:4      | Found a basalt altar of Yredelemnul.
  2712 | D:4      | Reached skill level 5 in Axes
  3103 | D:5      | Entered Level 5 of the Dungeon
  3182 | D:5      | Found Joisasiare's General Store.
  3183 | D:5      | Identified the +6 short sword "Dragonbane" {spect, Fragile
                  | Int+7 SInv Stlth-}
  3201 | D:5      | Bought a +0 pair of boots of rampaging for 126 gold pieces
  3424 | D:5      | Reached XP level 8. HP: 62/71 MP: 7/7
  3517 | D:5      | Found Punecexixo's Antique Weapon Emporium.
  4452 | D:6      | Noticed Maggie
  4460 | D:6      | Slain by Maggie

Illustrated notes

Levels and vault maps discovered:
D:1:      dpeg_arrival_arbitrary_b, layout_basic
D:2:      layout_rooms, nicolae_titane
D:3:      layout_loops_ring, dreamdust_ecumenical_altar_statues, uniq_grinder,
          uniq_jessica
D:4:      layout_rooms, mainiacjoe_overflow_alcove_1,
          minmay_temple_entry_junction, grunt_decor_cap,
          serial_library_hellmonk_secret_room, minmay_crystal_room,
          uniq_crazy_yiuf_cottage, uniq_blork_the_orc, uniq_ijyb
D:5:      layout_basic, serial_shops, shop, nicolae_shop_window_shopping
D:6:      layout_loops_ring, st_stairs_13, uniq_maggie
Temple:   nicolae_temple_bog_church

Skill      XL: |  1  2  3  4  5  6  7  8 |
---------------+-------------------------+-----
Fighting       | 4 5 6 7 |  7.3
Armour         | 4 5 6 7 |  7.2
Shields        | 4 5 6 7 |  7.1
Axes           | 3 4 5 6 |  6.6
Dodging        | 1 2 3 |  3.9

Action                     |  1- 3 |  4- 6 |  7- 9 || total
---------------------------+-------+-------+-------++-------
  Melee: War axe           |    67 |    64 |   197 ||   328
         Headbutt          |     6 |    11 |    35 ||    52
    Use: Scroll            |     6 |     1 |     8 ||    15
         Potion            |       |       |     1 ||     1
 Armour: Scale mail        |    50 |    44 |   138 ||   232
  Dodge: Dodged            |    38 |    26 |    87 ||   151
  Block: Buckler           |    15 |    16 |    52 ||    83

Table legend: (Time is in decaauts)
 A = Elapsed time spent in this place.
 B = Non-inter-level travel time spent in this place.
 C = Inter-level travel time spent in this place.
 D = Time resting spent in this place.
 E = Time spent auto-exploring this place.
 F = Levels seen in this place.
 G = Mean time per level.
                   A        B        C        D        E       F      G
               +--------+--------+--------+--------+--------+-----+--------+
         Total |   4538 |   4481 |     57 |      0 |   3437 |   7 |  648.3 |
       Dungeon |   4513 |   4456 |     57 |      0 |   3437 |   6 |  752.2 |
        Temple |     25 |     25 |      0 |      0 |      0 |   1 |   25.0 |
               +--------+--------+--------+--------+--------+-----+--------+

Top non-repeatable levels by time:
     D:1: 953 daAuts
     D:4: 918 daAuts
     D:3: 776 daAuts
     D:6: 709 daAuts
     D:5: 664 daAuts
     D:2: 490 daAuts
  Temple: 25 daAuts
